Ice Dragons vs Rafales
Created - 14 janvier 2016 at 19:31
Goals
|
| Ice Dragons |
1 |
1 |
1 |
3 |
| Rafales |
2 |
4 |
2 |
8 |
|
Shots
|
| Ice Dragons |
8 |
9 |
13 |
30 |
| Rafales |
12 |
16 |
13 |
41 |
|
1st period
1. Rafales , Milan Bartovic 17 (Cody McLeod, Mike Zigomanis) at 3:53
2. Rafales , Jeff Skinner 10 (Carl Klingberg, Marc-André Gragnani) at 7:08
3. Ice Dragons , Oskar Osala 20 (Patrick O'Sullivan, Joe Callahan) at 8:12
Penalties :
Milan Bartovic (Stf) for Roughing (Minor) at 8:34, Mike Sislo (Stf) for Tripping (Minor) at 17:34
2nd period
4. Ice Dragons , Niklas Sundstrom 16 (Patrick O'Sullivan) at 8:23
5. Rafales , Mike Sislo 14 (Nathan Davis) at 10:17
6. Rafales , Mike Zigomanis 20 (Dmitry Kulikov, Milan Bartovic) at 14:27
7. Rafales , Nathan Davis 14 (Tim Crowder) at 15:30 (PP)
8. Rafales , Johan Ryno 9 (Dmitry Kulikov) at 16:52
Penalties :
Francis Bouillon (Kin) for Hooking (Minor) at 0:42, Joe Callahan (Kin) for Charging (Minor) at 11:07, Joe Callahan (Kin) for Hooking (Minor) at 14:51, Danny Syvret (Kin) for High sticking (Minor) at 18:03
3rd period
9. Rafales , Dmitry Kulikov 4 (Johan Ryno, Bruno Gervais) at 4:15 (PP)
10. Ice Dragons , Martin Hanzal 2 (Troy Brouwer, Tyler Haskins) at 5:10
11. Rafales , Cody McLeod 31 (Milan Bartovic, Mike Zigomanis) at 11:57 (PP)
Penalties :
Troy Brouwer (Kin) for Hooking (Minor) at 2:17, Tim Crowder (Stf) for Fighting (Major) at 5:49, Joe Callahan (Kin) for Fighting (Major) at 5:49, Patrick O'Sullivan (Kin) for Hooking (Minor) at 7:11, Martin Hanzal (Kin) for Hooking (Minor) at 11:47, Jordan LaVallee (Kin) for Hooking (Minor) at 16:39, Niklas Sundstrom (Kin) for Slashing (Minor) at 18:43
Goalie Stats
Anders Nilsson (Kin), 17 saves from 22 shots - (0,773), L, 5-6-0, 35:30 minutes
Martin Jones (Kin), 16 saves from 19 shots - (0,842), 24:30 minutes
Loïc Lacasse (Stf), 27 saves from 30 shots - (0,900), W, 18-9-3, 60:00 minutes
Players Stats for Ice Dragons
Player Name G A P +/- PIM S H SB GA TA FO MP PP MP PK MP
------------------------------------------------------------------------------------
Boris Valabik 0 0 0 0 0 2 0 1 1 1 0/0 27:37 2:19 8:02
Brandon Kozun 0 0 0 0 0 0 0 0 0 0 0/0 1:28 0:00 0:00
Brayden McNabb 0 0 0 -1 0 0 1 0 0 0 0/0 11:07 0:00 3:47
Danny Syvret 0 0 0 -1 2 3 0 1 0 0 0/0 19:14 1:39 5:02
Francis Bouillon 0 0 0 -1 2 2 0 1 0 1 0/0 17:31 1:39 4:24
Joe Callahan 0 1 1 0 9 0 1 2 0 0 0/0 23:39 2:19 5:17
Jonathan Blum 0 0 0 -1 0 0 0 3 0 1 0/0 7:54 0:00 0:00
Jordan LaVallee 0 0 0 -1 2 2 2 0 1 2 0/1 17:59 0:00 6:24
Martin Hanzal 1 0 1 -1 2 3 1 1 0 0 12/24 21:02 1:39 7:29
Michael Latta 0 0 0 -1 0 1 0 0 0 0 0/1 11:36 0:00 0:36
Niklas Sundstrom 1 0 1 1 2 4 1 0 1 1 3/5 19:38 2:19 3:13
Oskar Osala 1 0 1 1 0 4 0 0 0 0 1/2 20:15 2:19 3:49
Patrick O'Sullivan 0 2 2 0 2 4 1 1 0 0 12/26 19:50 2:19 0:00
Petr Vrana 0 0 0 -1 0 1 2 0 0 0 0/2 7:50 0:00 2:49
Raymond Sawada 0 0 0 -1 0 3 2 0 1 0 0/2 14:36 0:00 3:36
Ryan Reaves 0 0 0 -1 0 0 0 0 0 0 0/0 4:32 0:00 0:00
Slava Voynov 0 0 0 0 0 0 0 0 0 0 0/0 7:41 0:00 1:24
Tomas Kudelka 0 0 0 0 0 0 0 2 0 0 0/0 5:32 0:00 0:00
Troy Brouwer 0 1 1 -1 2 1 0 0 0 0 1/1 13:25 1:39 0:00
Tyler Haskins 0 1 1 -1 0 0 1 0 0 0 0/0 13:26 1:39 0:00
Players Stats for Rafales
Player Name G A P +/- PIM S H SB GA TA FO MP PP MP PK MP
------------------------------------------------------------------------------------
Bruno Gervais 0 1 1 -1 0 0 3 1 1 0 0/0 27:05 7:50 2:58
Carl Klingberg 0 1 1 1 0 2 0 0 0 0 0/0 7:06 0:04 0:00
Chris Terry 0 0 0 0 0 0 0 0 0 0 0/0 0:43 0:28 0:00
Cody McLeod 1 1 2 -1 0 7 1 1 1 2 0/1 24:21 7:19 1:43
Dmitry Kulikov 1 2 3 2 0 2 1 2 1 0 0/0 20:39 6:08 1:00
Geoff Paukovich 0 0 0 0 0 0 0 0 0 0 0/0 2:21 1:04 0:00
James Marcou 0 0 0 0 0 0 0 0 0 0 0/0 0:00 0:00 0:00
Jayson Megna 0 0 0 0 0 0 1 0 0 0 1/1 0:22 0:00 0:22
Jeff Skinner 1 0 1 1 0 2 1 0 0 0 0/0 8:37 0:00 0:00
Johan Ryno 1 1 2 1 0 3 1 0 0 0 0/0 7:16 0:14 0:00
Jonas Junland 0 0 0 2 0 3 1 0 0 0 0/0 20:05 6:08 1:00
Jonathan Rheault 0 0 0 1 0 2 2 0 0 0 0/0 8:37 0:00 0:00
Julian Melchiori 0 0 0 0 0 0 1 0 0 0 0/0 2:28 0:00 0:00
Kevin Veilleux 0 0 0 1 0 2 1 1 0 0 3/5 8:37 0:00 0:00
Marc-André Gragnani 0 1 1 1 0 1 1 1 0 2 0/0 10:22 0:00 0:00
Mark Fayne 0 0 0 1 0 1 0 0 0 0 0/0 10:22 0:00 0:00
Michael Bournival 0 0 0 0 0 0 0 0 0 0 0/0 1:03 0:00 1:03
Mike Sislo 1 0 1 1 2 3 0 0 1 0 0/0 17:20 6:15 0:00
Mike Zigomanis 1 2 3 -1 0 2 3 1 0 0 26/44 25:38 7:29 2:29
Milan Bartovic 1 2 3 -1 2 3 3 0 1 0 1/1 24:23 7:29 1:12
Nathan Davis 1 1 2 1 0 5 3 0 0 0 3/11 18:07 6:15 1:07
Petr Kalus 0 0 0 1 0 0 1 0 0 0 1/1 6:47 0:00 0:00
Stefan Chaput 0 0 0 0 0 0 0 0 0 0 0/0 0:00 0:00 0:00
Tim Crowder 0 1 1 1 5 0 4 0 1 0 0/0 14:41 5:17 0:00
Willie Mitchell 0 0 0 -1 0 3 4 1 0 0 0/0 28:59 7:50 2:58
3 Stars
1 - Dmitry Kulikov (Stf)
2 - Mike Zigomanis (Stf)
3 - Nathan Davis (Stf)
Power Play
Ice Dragons - 0 on 2 Attempt(s) - 0,00%
Rafales - 3 on 9 Attempt(s) - 33,33%
Penalty Kill
Ice Dragons - 6 on 9 Attempt(s) - 66,67%
- Score 0 goal in Penalty Kill
Rafales - 2 on 2 Attempt(s) - 100,00%
- Score 0 goal in Penalty Kill
Team Stat
Ice Dragons - Hits : 12 - Faceoff Wins : 29 - Blocked Shots : 12 - Penalty Minutes : 23
Rafales - Hits : 32 - Faceoff Wins : 35 - Blocked Shots : 8 - Penalty Minutes : 9
Official
Referees : Leggo Mike and Martell Rob
Linesman : Darren Gibbs and Greg Devorski
Game Notes
10:17 of 2nd period - Rafales goal is going for a video replay. After video review, Goal.
Martin Jones enters game at 15:30 of 2nd period
Joe Callahan beats up Tim Crowder at 5:49 of 3rd period
Finance
Level 1 -- Attendance: 1620 (81,00%) -- Ticket Income 56 700 $
Level 2 -- Attendance: 675 (67,50%) -- Ticket Income 10 125 $
Total Attendance: 2295 (76,50%)
Total Ticket Income: 66 825 $
Other Income: 3 341 $
Total Income: 70 166 $
Ice Dragons
5 vs 5 Forward
Center Left Wing Right Wing Time % Phy DF OF
1 Patrick O'Sullivan Oskar Osala Niklas Sundstrom 40 1 2 2
2 Martin Hanzal Troy Brouwer Tyler Haskins 30 1 2 2
3 Michael Latta Jordan LaVallee Raymond Sawada 20 1 2 2
4 Patrick O'Sullivan Petr Vrana Ryan Reaves 10 1 2 2
5 vs 5 Defense
Defense Defense Time % Phy DF OF
1 Boris Valabik Joe Callahan 40 1 2 2
2 Francis Bouillon Danny Syvret 30 1 2 2
3 Jonathan Blum Brayden McNabb 20 1 2 2
4 Slava Voynov Tomas Kudelka 10 1 2 2
PowerPlay Forward
Center Left Wing Right Wing Time % Phy DF OF
1 Patrick O'Sullivan Oskar Osala Niklas Sundstrom 60 1 2 2
2 Martin Hanzal Troy Brouwer Tyler Haskins 40 1 2 2
PowerPlay Defense
Defense Defense Time % Phy DF OF
1 Boris Valabik Joe Callahan 60 1 2 2
2 Francis Bouillon Danny Syvret 40 1 2 2
Penalty Kill 4 Players Forward
Center Wing Time % Phy DF OF
1 Martin Hanzal Jordan LaVallee 60 1 2 2
2 Niklas Sundstrom Oskar Osala 40 1 2 2
Penalty Kill 4 Players Defense
Defense Defense Time % Phy DF OF
1 Boris Valabik Joe Callahan 60 1 2 2
2 Francis Bouillon Danny Syvret 40 1 2 2
Penalty Kill - 3 Players Forward
Forward Time % Phy DF OF
1 Martin Hanzal 60 1 2 2
2 Oskar Osala 40 1 2 2
Penalty Kill - 3 Players Defense
Defense Defense Time % Phy DF OF
1 Boris Valabik Joe Callahan 60 1 2 2
2 Francis Bouillon Danny Syvret 40 1 2 2
4 vs 4 Forward
Center Wing Time % Phy DF OF
1 Patrick O'Sullivan Martin Hanzal 60 1 2 2
2 Niklas Sundstrom Oskar Osala 40 1 2 2
4 vs 4 Defense
Defense Defense Time % Phy DF OF
1 Boris Valabik Joe Callahan 60 1 2 2
2 Francis Bouillon Danny Syvret 40 1 2 2
Last Minutes Offensive
Center Left Wing Right Wing Defense Defense
Patrick O'Sullivan Oskar Osala Martin Hanzal Boris Valabik Joe Callahan
Last Minutes Defensive
Center Left Wing Right Wing Defense Defense
Martin Hanzal Oskar Osala Niklas Sundstrom Boris Valabik Joe Callahan
Goaltenders
Starting : Anders Nilsson
Backup : Martin Jones
Extra Forwards
Normal : Brandon Kozun, Petr Vrana, Raymond Sawada - PP : Brandon Kozun, Petr Vrana - PK : Raymond Sawada
Extra Defensemen
Normal : Jonathan Blum, Brayden McNabb, Slava Voynov - PP : Jonathan Blum - PK : Brayden McNabb, Slava Voynov
Penalty Shots
Patrick O'Sullivan, Martin Hanzal, Niklas Sundstrom, Oskar Osala, Troy Brouwer
Rafales
5 vs 5 Forward
Center Left Wing Right Wing Time % Phy DF OF
1 Mike Zigomanis Cody McLeod Milan Bartovic 40 1 2 2
2 Nathan Davis Mike Sislo Tim Crowder 30 1 2 2
3 Kevin Veilleux Jeff Skinner Jonathan Rheault 20 1 2 2
4 Petr Kalus Carl Klingberg Johan Ryno 10 1 2 2
5 vs 5 Defense
Defense Defense Time % Phy DF OF
1 Willie Mitchell Bruno Gervais 40 1 2 2
2 Dmitry Kulikov Jonas Junland 30 1 2 2
3 Marc-André Gragnani Mark Fayne 20 1 2 2
4 Julian Melchiori Willie Mitchell 10 1 2 2
PowerPlay Forward
Center Left Wing Right Wing Time % Phy DF OF
1 Mike Zigomanis Cody McLeod Milan Bartovic 60 1 2 2
2 Nathan Davis Mike Sislo Tim Crowder 40 1 2 2
PowerPlay Defense
Defense Defense Time % Phy DF OF
1 Willie Mitchell Bruno Gervais 60 1 2 2
2 Dmitry Kulikov Jonas Junland 40 1 2 2
Penalty Kill 4 Players Forward
Center Wing Time % Phy DF OF
1 Mike Zigomanis Milan Bartovic 60 1 2 2
2 Cody McLeod Nathan Davis 40 1 2 2
Penalty Kill 4 Players Defense
Defense Defense Time % Phy DF OF
1 Willie Mitchell Bruno Gervais 60 1 2 2
2 Dmitry Kulikov Jonas Junland 40 1 2 2
Penalty Kill - 3 Players Forward
Forward Time % Phy DF OF
1 Mike Zigomanis 60 1 2 2
2 Milan Bartovic 40 1 2 2
Penalty Kill - 3 Players Defense
Defense Defense Time % Phy DF OF
1 Willie Mitchell Bruno Gervais 60 1 2 2
2 Dmitry Kulikov Jonas Junland 40 1 2 2
4 vs 4 Forward
Center Wing Time % Phy DF OF
1 Mike Zigomanis Milan Bartovic 60 1 2 2
2 Cody McLeod Nathan Davis 40 1 2 2
4 vs 4 Defense
Defense Defense Time % Phy DF OF
1 Willie Mitchell Bruno Gervais 60 1 2 2
2 Dmitry Kulikov Jonas Junland 40 1 2 2
Last Minutes Offensive
Center Left Wing Right Wing Defense Defense
Mike Zigomanis Cody McLeod Milan Bartovic Willie Mitchell Bruno Gervais
Last Minutes Defensive
Center Left Wing Right Wing Defense Defense
Mike Zigomanis Cody McLeod Milan Bartovic Willie Mitchell Bruno Gervais
Goaltenders
Starting : Loïc Lacasse
Backup : Eddie Lack
Extra Forwards
Normal : Geoff Paukovich, Chris Terry, Michael Bournival - PP : Geoff Paukovich, Chris Terry - PK : Michael Bournival
Extra Defensemen
Normal : Marc-André Gragnani, Mark Fayne, Julian Melchiori - PP : Marc-André Gragnani - PK : Mark Fayne, Julian Melchiori
Penalty Shots
Mike Zigomanis, Milan Bartovic, Cody McLeod, Nathan Davis, Mike Sislo
% Time on Ice - Ice Dragons
Lines # - Real PCT - Wanted PCT - Time Play
Normal Forward
1 - 35% - 40% - 14:45
2 - 28% - 30% - 11:47
3 - 26% - 20% - 11:00
4 - 11% - 10% - 4:32
Normal Defense
1 - 42% - 40% - 17:47
2 - 28% - 30% - 11:45
3 - 17% - 20% - 7:00
4 - 13% - 10% - 5:32
PP Forward
1 - 58% - 60% - 2:19
2 - 42% - 40% - 1:39
PP Defense
1 - 58% - 60% - 2:19
2 - 42% - 40% - 1:39
PK Forward
1 - 73% - 60% - 10:09
2 - 27% - 40% - 3:49
PK Defense
1 - 63% - 60% - 8:50
2 - 37% - 40% - 5:08
PK3 Forward
1 - 0% - 60%
2 - 0% - 40%
PK3 Defense
1 - 0% - 60%
2 - 0% - 40%
44 Forward
1 - 0% - 60%
2 - 0% - 40%
44 Defense
1 - 0% - 60%
2 - 0% - 40%
Last Minute Offensive - 0:00
Last Minute Defensive - 0:00
Total
Forward - 60:00
Defense - 60:00
|
% Time on Ice - Rafales
Lines # - Real PCT - Wanted PCT - Time Play
Normal Forward
1 - 37% - 40% - 15:40
2 - 26% - 30% - 11:00
3 - 20% - 20% - 8:37
4 - 16% - 10% - 6:47
Normal Defense
1 - 39% - 40% - 16:17
2 - 31% - 30% - 12:57
3 - 25% - 20% - 10:22
4 - 6% - 10% - 2:28
PP Forward
1 - 55% - 60% - 7:39
2 - 45% - 40% - 6:19
PP Defense
1 - 56% - 60% - 7:50
2 - 44% - 40% - 6:08
PK Forward
1 - 72% - 60% - 2:51
2 - 28% - 40% - 1:07
PK Defense
1 - 75% - 60% - 2:58
2 - 25% - 40% - 1:00
PK3 Forward
1 - 0% - 60%
2 - 0% - 40%
PK3 Defense
1 - 0% - 60%
2 - 0% - 40%
44 Forward
1 - 0% - 60%
2 - 0% - 40%
44 Defense
1 - 0% - 60%
2 - 0% - 40%
Last Minute Offensive - 0:00
Last Minute Defensive - 0:00
Total
Forward - 60:00
Defense - 60:00
|
Play by Play
1st period
0:01 of 1st period - Patrick O'Sullivan wins face-off versus Mike Zigomanis in neutral zone.
0:35 of 1st period - Slapshot by Nathan Davis.
0:35 of 1st period - Stopped by Anders Nilsson with a rebound.
0:37 of 1st period - Snap shot by Tim Crowder.
0:37 of 1st period - Shot Misses the Net.
1:19 of 1st period - Slapshot by Patrick O'Sullivan.
1:19 of 1st period - Shot Misses the Net.
1:33 of 1st period - Backhand shot by Nathan Davis.
1:33 of 1st period - Shot Misses the Net.
1:39 of 1st period - Wrist shot by Patrick O'Sullivan.
1:39 of 1st period - Deflect By Mike Sislo.
1:39 of 1st period - Shot Blocked by Marc-André Gragnani.
1:39 of 1st period - Puck is out of play.
1:40 of 1st period - Martin Hanzal wins face-off versus Mike Zigomanis in Rafales zone.
1:51 of 1st period - Snap shot by Martin Hanzal.
1:51 of 1st period - Stopped by Loïc Lacasse with a rebound.
3:46 of 1st period - Slapshot by Martin Hanzal.
3:46 of 1st period - Deflect By Troy Brouwer.
3:46 of 1st period - Shot Misses the Net.
3:46 of 1st period - Puck is out of play.
3:47 of 1st period - Mike Zigomanis wins face-off versus Patrick O'Sullivan in Rafales zone.
3:47 of 1st period - Mike Zigomanis is hit by Patrick O'Sullivan.
3:53 of 1st period - Snap shot by Milan Bartovic.
3:53 of 1st period - Goal by Milan Bartovic - Ice Dragons : 0 - Rafales : 1.
3:54 of 1st period - Niklas Sundstrom wins face-off versus Mike Zigomanis in neutral zone.
4:05 of 1st period - Wrist shot by Oskar Osala.
4:05 of 1st period - Stopped by Loïc Lacasse with a rebound.
5:07 of 1st period - Snap shot by Mike Zigomanis.
5:07 of 1st period - Shot Blocked by Jonathan Blum.
5:33 of 1st period - Dmitry Kulikov is hit by Jordan LaVallee and loses puck.
5:50 of 1st period - Wrist shot by Tim Crowder.
5:50 of 1st period - Shot Misses the Net.
6:22 of 1st period - Jonathan Rheault is hit by Brayden McNabb.
7:06 of 1st period - Snap shot by Carl Klingberg.
7:06 of 1st period - Stopped by Anders Nilsson with a rebound.
7:08 of 1st period - Snap shot by Jeff Skinner.
7:08 of 1st period - Goal by Jeff Skinner - Ice Dragons : 0 - Rafales : 2.
7:09 of 1st period - Mike Zigomanis wins face-off versus Patrick O'Sullivan in neutral zone.
7:22 of 1st period - Oskar Osala is hit by Willie Mitchell.
7:26 of 1st period - Patrick O'Sullivan is hit by Milan Bartovic.
7:41 of 1st period - Snap shot by Nathan Davis.
7:41 of 1st period - Shot Hit the Post.
7:43 of 1st period - Wrist shot by Mike Sislo.
7:43 of 1st period - Shot Misses the Net.
7:45 of 1st period - Slapshot by Bruno Gervais.
7:45 of 1st period - Deflect By Nathan Davis.
7:45 of 1st period - Stopped by Anders Nilsson without a rebound.
7:46 of 1st period - Troy Brouwer wins face-off versus Kevin Veilleux in Ice Dragons zone.
7:46 of 1st period - Troy Brouwer is hit by Jeff Skinner.
7:54 of 1st period - Snap shot by Marc-André Gragnani.
7:54 of 1st period - Stopped by Anders Nilsson with a rebound.
7:56 of 1st period - Snap shot by Marc-André Gragnani.
7:56 of 1st period - Shot Misses the Net.
7:58 of 1st period - Wrist shot by Kevin Veilleux.
7:58 of 1st period - Stopped by Anders Nilsson without a rebound.
7:59 of 1st period - Mike Zigomanis wins face-off versus Patrick O'Sullivan in Ice Dragons zone.
8:10 of 1st period - Snap shot by Oskar Osala.
8:10 of 1st period - Deflect By Patrick O'Sullivan.
8:10 of 1st period - Stopped by Loïc Lacasse with a rebound.
8:12 of 1st period - Slapshot by Oskar Osala.
8:12 of 1st period - Goal by Oskar Osala - Ice Dragons : 1 - Rafales : 2.
8:13 of 1st period - Patrick O'Sullivan wins face-off versus Mike Zigomanis in neutral zone.
8:18 of 1st period - Slapshot by Oskar Osala.
8:18 of 1st period - Shot Blocked by Mike Zigomanis.
8:34 of 1st period - Minor Penalty to Milan Bartovic for Roughing.
8:35 of 1st period - Mike Zigomanis wins face-off versus Patrick O'Sullivan in Rafales zone.
8:50 of 1st period - Backhand shot by Oskar Osala.
8:50 of 1st period - Stopped by Loïc Lacasse without a rebound.
8:51 of 1st period - Mike Zigomanis wins face-off versus Patrick O'Sullivan in Rafales zone.
9:18 of 1st period - Bruno Gervais is hit by Tyler Haskins and loses puck.
9:34 of 1st period - Off-side.
9:35 of 1st period - Jayson Megna wins face-off versus Patrick O'Sullivan in neutral zone.
9:44 of 1st period - Francis Bouillon is hit by Jayson Megna and loses puck.
10:19 of 1st period - Snap shot by Cody McLeod.
10:19 of 1st period - Shot Blocked by Joe Callahan.
10:25 of 1st period - Willie Mitchell is hit by Joe Callahan and loses puck.
10:34 of 1st period - Penalty to Milan Bartovic is over, Milan Bartovic is back on ice.
10:46 of 1st period - Snap shot by Raymond Sawada.
10:46 of 1st period - Shot Blocked by Dmitry Kulikov.
11:16 of 1st period - Snap shot by Johan Ryno.
11:16 of 1st period - Stopped by Anders Nilsson with a rebound.
12:34 of 1st period - Raymond Sawada is hit by Julian Melchiori and loses puck.
13:31 of 1st period - Wrist shot by Cody McLeod.
13:31 of 1st period - Stopped by Anders Nilsson with a rebound.
14:00 of 1st period - Snap shot by Carl Klingberg.
14:00 of 1st period - Shot Misses the Net.
14:14 of 1st period - Snap shot by Cody McLeod.
14:14 of 1st period - Shot Misses the Net.
14:28 of 1st period - Snap shot by Troy Brouwer.
14:28 of 1st period - Shot Misses the Net.
14:34 of 1st period - Danny Syvret is hit by Nathan Davis and loses puck.
14:51 of 1st period - Danny Syvret is hit by Bruno Gervais and loses puck.
15:27 of 1st period - Snap shot by Mike Zigomanis.
15:27 of 1st period - Shot Blocked by Tomas Kudelka.
15:29 of 1st period - Wrist shot by Cody McLeod.
15:29 of 1st period - Shot Misses the Net.
15:31 of 1st period - Snap shot by Milan Bartovic.
15:31 of 1st period - Shot Misses the Net.
15:33 of 1st period - Snap shot by Cody McLeod.
15:33 of 1st period - Stopped by Anders Nilsson with a rebound.
15:51 of 1st period - Snap shot by Nathan Davis.
15:51 of 1st period - Stopped by Anders Nilsson without a rebound.
15:52 of 1st period - Martin Hanzal wins face-off versus Mike Zigomanis in Ice Dragons zone.
15:59 of 1st period - Slapshot by Martin Hanzal.
15:59 of 1st period - Shot Misses the Net.
16:47 of 1st period - Snap shot by Kevin Veilleux.
16:47 of 1st period - Shot Blocked by Francis Bouillon.
17:01 of 1st period - Wrist shot by Cody McLeod.
17:01 of 1st period - Stopped by Anders Nilsson with a rebound.
17:09 of 1st period - Wrist shot by Jordan LaVallee.
17:09 of 1st period - Shot Misses the Net.
17:11 of 1st period - Snap shot by Jordan LaVallee.
17:11 of 1st period - Shot Misses the Net.
17:13 of 1st period - Slapshot by Danny Syvret.
17:13 of 1st period - Stopped by Loïc Lacasse with a rebound.
17:15 of 1st period - Wrist shot by Danny Syvret.
17:15 of 1st period - Stopped by Loïc Lacasse with a rebound.
17:17 of 1st period - Snap shot by Michael Latta.
17:17 of 1st period - Stopped by Loïc Lacasse without a rebound.
17:18 of 1st period - Patrick O'Sullivan wins face-off versus Nathan Davis in Rafales zone.
17:34 of 1st period - Minor Penalty to Mike Sislo for Tripping.
17:35 of 1st period - Mike Zigomanis wins face-off versus Patrick O'Sullivan in Rafales zone.
17:45 of 1st period - Bruno Gervais is hit by Niklas Sundstrom and loses puck.
18:00 of 1st period - Tyler Haskins is hit by Nathan Davis and loses puck.
18:31 of 1st period - Icing by Troy Brouwer.
18:32 of 1st period - Mike Zigomanis wins face-off versus Martin Hanzal in Ice Dragons zone.
19:34 of 1st period - Penalty to Mike Sislo is over, Mike Sislo is back on ice.
19:45 of 1st period - Mark Fayne is hit by Jordan LaVallee.
19:51 of 1st period - Mike Zigomanis is hit by Raymond Sawada.
Goals for this period are 1 for Ice Dragons vs 2 for Rafales.
Shots for this period are 8 for Ice Dragons vs 12 for Rafales.
2nd period
0:01 of 2nd period - Mike Zigomanis wins face-off versus Patrick O'Sullivan in neutral zone.
0:16 of 2nd period - Slapshot by Mike Zigomanis.
0:16 of 2nd period - Shot Blocked by Boris Valabik.
0:42 of 2nd period - Minor Penalty to Francis Bouillon for Hooking.
0:43 of 2nd period - Mike Zigomanis wins face-off versus Martin Hanzal in Ice Dragons zone.
1:07 of 2nd period - Icing by Milan Bartovic.
1:08 of 2nd period - Nathan Davis wins face-off versus Martin Hanzal in Rafales zone.
1:29 of 2nd period - Wrist shot by Mike Zigomanis.
1:29 of 2nd period - Shot Blocked by Joe Callahan.
1:31 of 2nd period - Slapshot by Cody McLeod.
1:31 of 2nd period - Shot Misses the Net.
2:37 of 2nd period - Milan Bartovic is hit by Petr Vrana and loses puck.
2:42 of 2nd period - Penalty to Francis Bouillon is over, Francis Bouillon is back on ice.
2:54 of 2nd period - Slapshot by Oskar Osala.
2:54 of 2nd period - Stopped by Loïc Lacasse with a rebound.
3:04 of 2nd period - Tyler Haskins is hit by Johan Ryno and loses puck.
3:15 of 2nd period - Snap shot by Carl Klingberg.
3:15 of 2nd period - Stopped by Anders Nilsson with a rebound.
3:25 of 2nd period - Kevin Veilleux is hit by Petr Vrana and loses puck.
3:34 of 2nd period - Backhand shot by Patrick O'Sullivan.
3:34 of 2nd period - Shot Misses the Net.
3:44 of 2nd period - Raymond Sawada is hit by Tim Crowder.
4:51 of 2nd period - Boris Valabik is hit by Marc-André Gragnani and loses puck.
5:06 of 2nd period - Joe Callahan is hit by Milan Bartovic and loses puck.
5:27 of 2nd period - Francis Bouillon is hit by Petr Kalus and loses puck.
6:03 of 2nd period - Wrist shot by Milan Bartovic.
6:03 of 2nd period - Stopped by Anders Nilsson with a rebound.
6:17 of 2nd period - Raymond Sawada is hit by Jonathan Rheault.
6:21 of 2nd period - Slapshot by Francis Bouillon.
6:21 of 2nd period - Stopped by Loïc Lacasse with a rebound.
6:23 of 2nd period - Wrist shot by Jordan LaVallee.
6:23 of 2nd period - Shot Misses the Net.
6:25 of 2nd period - Wrist shot by Raymond Sawada.
6:25 of 2nd period - Stopped by Loïc Lacasse with a rebound.
6:27 of 2nd period - Slapshot by Jordan LaVallee.
6:27 of 2nd period - Shot Misses the Net.
6:29 of 2nd period - Wrist shot by Jordan LaVallee.
6:29 of 2nd period - Deflect By Michael Latta.
6:29 of 2nd period - Shot Blocked by Dmitry Kulikov.
6:29 of 2nd period - Puck is out of play.
6:30 of 2nd period - Mike Zigomanis wins face-off versus Patrick O'Sullivan in Rafales zone.
6:37 of 2nd period - Wrist shot by Milan Bartovic.
6:37 of 2nd period - Shot Misses the Net.
7:01 of 2nd period - Troy Brouwer is hit by Nathan Davis and loses puck.
7:38 of 2nd period - Snap shot by Cody McLeod.
7:38 of 2nd period - Stopped by Anders Nilsson without a rebound.
7:39 of 2nd period - Martin Hanzal wins face-off versus Mike Zigomanis in Ice Dragons zone.
8:05 of 2nd period - Icing by Mike Sislo.
8:06 of 2nd period - Patrick O'Sullivan wins face-off versus Nathan Davis in Rafales zone.
8:11 of 2nd period - Slapshot by Patrick O'Sullivan.
8:11 of 2nd period - Stopped by Loïc Lacasse with a rebound.
8:13 of 2nd period - Slapshot by Danny Syvret.
8:13 of 2nd period - Stopped by Loïc Lacasse without a rebound.
8:14 of 2nd period - Patrick O'Sullivan wins face-off versus Mike Zigomanis in Rafales zone.
8:19 of 2nd period - Slapshot by Niklas Sundstrom.
8:19 of 2nd period - Shot Misses the Net.
8:21 of 2nd period - Slapshot by Niklas Sundstrom.
8:21 of 2nd period - Stopped by Loïc Lacasse without a rebound.
8:22 of 2nd period - Patrick O'Sullivan wins face-off versus Mike Zigomanis in Rafales zone.
8:23 of 2nd period - Wrist shot by Niklas Sundstrom.
8:23 of 2nd period - Goal by Niklas Sundstrom - Ice Dragons : 2 - Rafales : 2.
8:24 of 2nd period - Mike Zigomanis wins face-off versus Oskar Osala in neutral zone.
8:31 of 2nd period - Wrist shot by Cody McLeod.
8:31 of 2nd period - Deflect By Joe Callahan.
8:31 of 2nd period - Shot Hit the Post.
8:31 of 2nd period - Puck is out of play.
8:32 of 2nd period - Patrick O'Sullivan wins face-off versus Cody McLeod in Ice Dragons zone.
8:57 of 2nd period - Snap shot by Jeff Skinner.
8:57 of 2nd period - Stopped by Anders Nilsson without a rebound.
8:58 of 2nd period - Kevin Veilleux wins face-off versus Martin Hanzal in Ice Dragons zone.
9:30 of 2nd period - Wrist shot by Jordan LaVallee.
9:30 of 2nd period - Stopped by Loïc Lacasse with a rebound.
9:46 of 2nd period - Patrick O'Sullivan is hit by Willie Mitchell and loses puck.
10:15 of 2nd period - Snap shot by Nathan Davis.
10:15 of 2nd period - Stopped by Anders Nilsson with a rebound.
10:17 of 2nd period - Wrist shot by Mike Sislo.
10:17 of 2nd period - Rafales goal is going for a video replay.
10:17 of 2nd period - The goal is good.
10:17 of 2nd period - Goal by Mike Sislo - Ice Dragons : 2 - Rafales : 3.
10:18 of 2nd period - Patrick O'Sullivan wins face-off versus Mike Zigomanis in neutral zone.
10:35 of 2nd period - Off-side.
10:36 of 2nd period - Martin Hanzal wins face-off versus Nathan Davis in neutral zone.
11:07 of 2nd period - Minor Penalty to Joe Callahan for Charging.
11:08 of 2nd period - Martin Hanzal wins face-off versus Mike Zigomanis in Ice Dragons zone.
11:08 of 2nd period - Martin Hanzal is hit by Mike Zigomanis.
13:07 of 2nd period - Penalty to Joe Callahan is over, Joe Callahan is back on ice.
13:18 of 2nd period - Wrist shot by Patrick O'Sullivan.
13:18 of 2nd period - Stopped by Loïc Lacasse without a rebound.
13:19 of 2nd period - Niklas Sundstrom wins face-off versus Kevin Veilleux in Rafales zone.
13:20 of 2nd period - Backhand shot by Oskar Osala.
13:20 of 2nd period - Shot Misses the Net.
13:28 of 2nd period - Snap shot by Kevin Veilleux.
13:28 of 2nd period - Shot Blocked by Patrick O'Sullivan.
13:47 of 2nd period - Snap shot by Johan Ryno.
13:47 of 2nd period - Shot Blocked by Tomas Kudelka.
13:49 of 2nd period - Slapshot by Mark Fayne.
13:49 of 2nd period - Shot Misses the Net.
13:51 of 2nd period - Snap shot by Petr Kalus.
13:51 of 2nd period - Shot Blocked by Martin Hanzal.
13:53 of 2nd period - Wrist shot by Mark Fayne.
13:53 of 2nd period - Stopped by Anders Nilsson with a rebound.
14:27 of 2nd period - Slapshot by Dmitry Kulikov.
14:27 of 2nd period - Deflect By Mike Zigomanis.
14:27 of 2nd period - Goal by Mike Zigomanis - Ice Dragons : 2 - Rafales : 4.
14:28 of 2nd period - Mike Zigomanis wins face-off versus Niklas Sundstrom in neutral zone.
14:51 of 2nd period - Minor Penalty to Joe Callahan for Hooking.
14:52 of 2nd period - Mike Zigomanis wins face-off versus Martin Hanzal in Ice Dragons zone.
14:59 of 2nd period - Wrist shot by Cody McLeod.
14:59 of 2nd period - Shot Misses the Net.
15:01 of 2nd period - Wrist shot by Mike Zigomanis.
15:01 of 2nd period - Shot Misses the Net.
15:03 of 2nd period - Slapshot by Willie Mitchell.
15:03 of 2nd period - Shot Misses the Net.
15:24 of 2nd period - Backhand shot by Willie Mitchell.
15:24 of 2nd period - Stopped by Anders Nilsson without a rebound.
15:25 of 2nd period - Niklas Sundstrom wins face-off versus Nathan Davis in Ice Dragons zone.
15:30 of 2nd period - Snap shot by Nathan Davis.
15:30 of 2nd period - Goal by Nathan Davis - Ice Dragons : 2 - Rafales : 5.
15:30 of 2nd period - Martin Jones enters game.
15:31 of 2nd period - Patrick O'Sullivan wins face-off versus Mike Zigomanis in neutral zone.
15:58 of 2nd period - Joe Callahan is hit by Willie Mitchell and loses puck.
16:17 of 2nd period - Snap shot by Johan Ryno.
16:17 of 2nd period - Stopped by Martin Jones with a rebound.
16:19 of 2nd period - Slapshot by Jonas Junland.
16:19 of 2nd period - Stopped by Martin Jones without a rebound.
16:20 of 2nd period - Petr Kalus wins face-off versus Raymond Sawada in Ice Dragons zone.
16:52 of 2nd period - Wrist shot by Johan Ryno.
16:52 of 2nd period - Goal by Johan Ryno - Ice Dragons : 2 - Rafales : 6.
16:53 of 2nd period - Mike Zigomanis wins face-off versus Patrick O'Sullivan in neutral zone.
17:07 of 2nd period - Joe Callahan is hit by Mike Zigomanis and loses puck.
17:39 of 2nd period - Snap shot by Mike Zigomanis.
17:39 of 2nd period - Shot Misses the Net.
17:41 of 2nd period - Snap shot by Milan Bartovic.
17:41 of 2nd period - Stopped by Martin Jones without a rebound.
17:42 of 2nd period - Oskar Osala wins face-off versus Nathan Davis in Ice Dragons zone.
17:57 of 2nd period - Snap shot by Mike Sislo.
17:57 of 2nd period - Stopped by Martin Jones with a rebound.
18:03 of 2nd period - Minor Penalty to Danny Syvret for High sticking.
18:04 of 2nd period - Mike Zigomanis wins face-off versus Martin Hanzal in Ice Dragons zone.
18:05 of 2nd period - Backhand shot by Cody McLeod.
18:05 of 2nd period - Stopped by Martin Jones with a rebound.
19:25 of 2nd period - Petr Vrana is hit by Tim Crowder and loses puck.
Goals for this period are 1 for Ice Dragons vs 4 for Rafales.
Shots for this period are 9 for Ice Dragons vs 16 for Rafales.
3rd period
0:01 of 3rd period - Martin Hanzal wins face-off versus Mike Zigomanis in neutral zone.
0:03 of 3rd period - Penalty to Danny Syvret is over, Danny Syvret is back on ice.
0:35 of 3rd period - Backhand shot by Dmitry Kulikov.
0:35 of 3rd period - Stopped by Martin Jones with a rebound.
1:32 of 3rd period - Petr Vrana is hit by Mike Zigomanis and loses puck.
1:44 of 3rd period - Icing by Mike Zigomanis.
1:45 of 3rd period - Patrick O'Sullivan wins face-off versus Nathan Davis in Rafales zone.
2:17 of 3rd period - Minor Penalty to Troy Brouwer for Hooking.
2:18 of 3rd period - Martin Hanzal wins face-off versus Mike Zigomanis in Ice Dragons zone.
2:18 of 3rd period - Martin Hanzal is hit by Cody McLeod.
2:43 of 3rd period - Joe Callahan is hit by Tim Crowder and loses puck.
2:50 of 3rd period - Wrist shot by Mike Sislo.
2:50 of 3rd period - Shot Misses the Net.
4:15 of 3rd period - Slapshot by Dmitry Kulikov.
4:15 of 3rd period - Goal by Dmitry Kulikov - Ice Dragons : 2 - Rafales : 7.
4:16 of 3rd period - Kevin Veilleux wins face-off versus Patrick O'Sullivan in neutral zone.
4:21 of 3rd period - Snap shot by Jonathan Rheault.
4:21 of 3rd period - Shot Misses the Net.
4:23 of 3rd period - Slapshot by Willie Mitchell.
4:23 of 3rd period - Stopped by Martin Jones with a rebound.
4:31 of 3rd period - Snap shot by Kevin Veilleux.
4:31 of 3rd period - Stopped by Martin Jones without a rebound.
4:32 of 3rd period - Mike Zigomanis wins face-off versus Martin Hanzal in Ice Dragons zone.
4:35 of 3rd period - Snap shot by Milan Bartovic.
4:35 of 3rd period - Shot Misses the Net.
4:38 of 3rd period - Icing by Danny Syvret.
4:39 of 3rd period - Mike Zigomanis wins face-off versus Martin Hanzal in Ice Dragons zone.
4:40 of 3rd period - Wrist shot by Cody McLeod.
4:40 of 3rd period - Stopped by Martin Jones without a rebound.
4:41 of 3rd period - Martin Hanzal wins face-off versus Mike Zigomanis in Ice Dragons zone.
4:52 of 3rd period - Wrist shot by Troy Brouwer.
4:52 of 3rd period - Stopped by Loïc Lacasse with a rebound.
4:56 of 3rd period - Wrist shot by Martin Hanzal.
4:56 of 3rd period - Shot Misses the Net.
4:58 of 3rd period - Slapshot by Francis Bouillon.
4:58 of 3rd period - Shot Blocked by Bruno Gervais.
5:00 of 3rd period - Backhand shot by Francis Bouillon.
5:00 of 3rd period - Stopped by Loïc Lacasse with a rebound.
5:10 of 3rd period - Wrist shot by Martin Hanzal.
5:10 of 3rd period - Goal by Martin Hanzal - Ice Dragons : 3 - Rafales : 7.
5:11 of 3rd period - Mike Zigomanis wins face-off versus Patrick O'Sullivan in neutral zone.
5:40 of 3rd period - Wrist shot by Martin Hanzal.
5:40 of 3rd period - Deflect By Tyler Haskins.
5:40 of 3rd period - Shot Misses the Net.
5:40 of 3rd period - Puck is out of play.
5:41 of 3rd period - Martin Hanzal wins face-off versus Nathan Davis in Rafales zone.
5:49 of 3rd period - Joe Callahan beats up Tim Crowder.
5:49 of 3rd period - Penalty to Tim Crowder for Fighting.
5:49 of 3rd period - Penalty to Joe Callahan for Fighting.
5:50 of 3rd period - Mike Zigomanis wins face-off versus Patrick O'Sullivan in Rafales zone.
6:37 of 3rd period - Slapshot by Jonathan Rheault.
6:37 of 3rd period - Stopped by Martin Jones with a rebound.
6:39 of 3rd period - Snap shot by Jeff Skinner.
6:39 of 3rd period - Shot Misses the Net.
6:41 of 3rd period - Slapshot by Willie Mitchell.
6:41 of 3rd period - Stopped by Martin Jones with a rebound.
6:43 of 3rd period - Snap shot by Jonathan Rheault.
6:43 of 3rd period - Stopped by Martin Jones with a rebound.
6:45 of 3rd period - Snap shot by Jonathan Rheault.
6:45 of 3rd period - Shot Blocked by Danny Syvret.
6:54 of 3rd period - Icing by Francis Bouillon.
6:55 of 3rd period - Mike Zigomanis wins face-off versus Petr Vrana in Ice Dragons zone.
7:11 of 3rd period - Minor Penalty to Patrick O'Sullivan for Hooking.
7:12 of 3rd period - Martin Hanzal wins face-off versus Mike Zigomanis in Ice Dragons zone.
9:11 of 3rd period - Penalty to Patrick O'Sullivan is over, Patrick O'Sullivan is back on ice.
9:13 of 3rd period - Danny Syvret is hit by Dmitry Kulikov and loses puck.
9:54 of 3rd period - Snap shot by Oskar Osala.
9:54 of 3rd period - Shot Blocked by Kevin Veilleux.
10:02 of 3rd period - Jonathan Blum is hit by Kevin Veilleux and loses puck.
10:15 of 3rd period - Wrist shot by Petr Vrana.
10:15 of 3rd period - Stopped by Loïc Lacasse without a rebound.
10:16 of 3rd period - Mike Zigomanis wins face-off versus Petr Vrana in Rafales zone.
10:27 of 3rd period - Slapshot by Boris Valabik.
10:27 of 3rd period - Stopped by Loïc Lacasse with a rebound.
10:29 of 3rd period - Wrist shot by Tyler Haskins.
10:29 of 3rd period - Shot Misses the Net.
10:46 of 3rd period - Off-side.
10:47 of 3rd period - Patrick O'Sullivan wins face-off versus Nathan Davis in neutral zone.
11:12 of 3rd period - Patrick O'Sullivan is hit by Bruno Gervais and loses puck.
11:31 of 3rd period - Snap shot by Niklas Sundstrom.
11:31 of 3rd period - Stopped by Loïc Lacasse without a rebound.
11:32 of 3rd period - Martin Hanzal wins face-off versus Mike Zigomanis in Rafales zone.
11:37 of 3rd period - Snap shot by Troy Brouwer.
11:37 of 3rd period - Shot Blocked by Cody McLeod.
11:39 of 3rd period - Slapshot by Boris Valabik.
11:39 of 3rd period - Stopped by Loïc Lacasse without a rebound.
11:40 of 3rd period - Milan Bartovic wins face-off versus Martin Hanzal in Rafales zone.
11:40 of 3rd period - Milan Bartovic is hit by Martin Hanzal.
11:47 of 3rd period - Minor Penalty to Martin Hanzal for Hooking.
11:48 of 3rd period - Mike Zigomanis wins face-off versus Raymond Sawada in Ice Dragons zone.
11:55 of 3rd period - Wrist shot by Mike Zigomanis.
11:55 of 3rd period - Stopped by Martin Jones with a rebound.
11:57 of 3rd period - Snap shot by Milan Bartovic.
11:57 of 3rd period - Deflect By Cody McLeod.
11:57 of 3rd period - Goal by Cody McLeod - Ice Dragons : 3 - Rafales : 8.
11:58 of 3rd period - Patrick O'Sullivan wins face-off versus Mike Zigomanis in neutral zone.
12:04 of 3rd period - Wrist shot by Niklas Sundstrom.
12:04 of 3rd period - Stopped by Loïc Lacasse with a rebound.
12:14 of 3rd period - Wrist shot by Patrick O'Sullivan.
12:14 of 3rd period - Stopped by Loïc Lacasse with a rebound.
12:24 of 3rd period - Joe Callahan is hit by Bruno Gervais and loses puck.
12:52 of 3rd period - Raymond Sawada is hit by Jonathan Rheault.
13:38 of 3rd period - Snap shot by Cody McLeod.
13:38 of 3rd period - Deflect By Mike Zigomanis.
13:38 of 3rd period - Shot Blocked by Jonathan Blum.
13:38 of 3rd period - Puck is out of play.
13:39 of 3rd period - Mike Zigomanis wins face-off versus Patrick O'Sullivan in Ice Dragons zone.
13:42 of 3rd period - Wrist shot by Cody McLeod.
13:42 of 3rd period - Deflect By Milan Bartovic.
13:42 of 3rd period - Shot Blocked by Jonathan Blum.
13:42 of 3rd period - Puck is out of play.
13:43 of 3rd period - Mike Zigomanis wins face-off versus Martin Hanzal in Ice Dragons zone.
13:58 of 3rd period - Slapshot by Martin Hanzal.
13:58 of 3rd period - Stopped by Loïc Lacasse with a rebound.
14:16 of 3rd period - Snap shot by Mike Sislo.
14:16 of 3rd period - Stopped by Martin Jones with a rebound.
14:34 of 3rd period - Wrist shot by Jordan LaVallee.
14:34 of 3rd period - Shot Blocked by Willie Mitchell.
14:36 of 3rd period - Snap shot by Raymond Sawada.
14:36 of 3rd period - Stopped by Loïc Lacasse without a rebound.
14:37 of 3rd period - Kevin Veilleux wins face-off versus Michael Latta in Rafales zone.
14:37 of 3rd period - Kevin Veilleux is hit by Raymond Sawada.
14:49 of 3rd period - Wrist shot by Raymond Sawada.
14:49 of 3rd period - Stopped by Loïc Lacasse with a rebound.
14:51 of 3rd period - Wrist shot by Raymond Sawada.
14:51 of 3rd period - Shot Misses the Net.
14:53 of 3rd period - Slapshot by Francis Bouillon.
14:53 of 3rd period - Deflect By Jordan LaVallee.
14:53 of 3rd period - Stopped by Loïc Lacasse without a rebound.
14:54 of 3rd period - Mike Zigomanis wins face-off versus Niklas Sundstrom in Rafales zone.
15:19 of 3rd period - Tyler Haskins is hit by Jonas Junland and loses puck.
15:42 of 3rd period - Slapshot by Jordan LaVallee.
15:42 of 3rd period - Deflect By Raymond Sawada.
15:42 of 3rd period - Shot Misses the Net.
15:42 of 3rd period - Puck is out of play.
15:43 of 3rd period - Mike Zigomanis wins face-off versus Jordan LaVallee in Rafales zone.
16:14 of 3rd period - Raymond Sawada is hit by Milan Bartovic.
16:39 of 3rd period - Minor Penalty to Jordan LaVallee for Hooking.
16:40 of 3rd period - Nathan Davis wins face-off versus Martin Hanzal in Ice Dragons zone.
17:16 of 3rd period - Slapshot by Jonas Junland.
17:16 of 3rd period - Stopped by Martin Jones with a rebound.
17:18 of 3rd period - Slapshot by Dmitry Kulikov.
17:18 of 3rd period - Shot Misses the Net.
17:20 of 3rd period - Slapshot by Jonas Junland.
17:20 of 3rd period - Shot Misses the Net.
17:22 of 3rd period - Slapshot by Jonas Junland.
17:22 of 3rd period - Deflect By Niklas Sundstrom.
17:22 of 3rd period - Stopped by Martin Jones without a rebound.
17:23 of 3rd period - Martin Hanzal wins face-off versus Mike Zigomanis in Ice Dragons zone.
18:39 of 3rd period - Penalty to Jordan LaVallee is over, Jordan LaVallee is back on ice.
18:43 of 3rd period - Minor Penalty to Niklas Sundstrom for Slashing.
18:44 of 3rd period - Nathan Davis wins face-off versus Martin Hanzal in Ice Dragons zone.
19:19 of 3rd period - Oskar Osala is hit by Willie Mitchell.
19:53 of 3rd period - Raymond Sawada is hit by Tim Crowder and loses puck.
Goals for this period are 1 for Ice Dragons vs 2 for Rafales.
Shots for this period are 13 for Ice Dragons vs 13 for Rafales.
Back to the Top